[Event "*** SCC Grand Prix: Titled Tuesday Blitz"]
[Site "Chess.com"]
[Date "2020.10.06"]
[Round "4"]
[White "ZverevLev"]
[Black "Fh2411"]
[Result "0-1"]
[WhiteElo "2331"]
[BlackElo "2524"]
[TimeControl "180+1"]
[EndTime "10:37:44 PDT"]
[Termination "Fh2411 won by resignation"]

1. e4 c5 2. Nf3 e6 3. d4 cxd4 4. Nxd4 a6 5. Bd3 Nc6 6. Nxc6 dxc6 7. c4 e5 8. O-O Nf6 9. Nc3 Bc5 10. h3 O-O 11.
Qe2 h6 12. Rd1 Qe7 13. Be3 Be6 14. Na4 Bxe3 15. Qxe3 b5 16. cxb5 axb5 17. Nc5 Bxa2 18.
b3 Ra3 19. Bc2 Rfa8 20. Qc3 R8a5 21. f3 b4 22. Qxb4 Qxc5+ 23. Qxc5 Rxc5 24. Rd2 Rca5 25. f4 Bxb3 26. Rxa3 Rxa3 27. fxe5 Bxc2 28. exf6 Bxe4 0-1

[Event "*** SCC Grand Prix: Titled Tuesday Blitz"]
[Site "Chess.com"]
[Date "2020.10.06"]
[Round "4"]
[White "LogoCzar"]
[Black "anon569"]
[Result "1-0"]
[WhiteElo "2432"]
[BlackElo "2251"]
[TimeControl "180+1"]
[EndTime "10:37:44 PDT"]
[Termination "LogoCzar won on time"]

1. e4 c5 2. Nf3 d6 3. d4 cxd4 4. Nxd4 Nf6 5. Nc3 a6 6. h3 e6 7. g4 b5 8. g5 Nfd7 9. a3 Bb7 10. h4 Qc7 11. h5 Nc5 12. Bg2 Nbd7 13. f4 Be7 14. f5 e5 15. Nde2 Nb6 16. b3 O-O-O 17.
Be3 Rhe8 18. Qd2 Kb8 19. O-O-O Rc8 20. Kb2 Bf8 21. f6 gxf6 22. gxf6 Rcd8 23. Ng3 Rc8 24.
Nf5 Red8 25. Bf2 Ka8 26. h6 Qd7 27. Ne3 Qc6 28. Ned5 Ncd7 29. Bxb6 Nxb6 30. Nxb6+ Qxb6 31. Nd5 Bxd5 32. Qxd5+ Qb7 33. Bh3 Rc6 34. Bf5 Kb8 35.
Rh2 Qc7 36. Bxh7 1-0

[Event "*** SCC Grand Prix: Titled Tuesday Blitz"]
[Site "Chess.com"]
[Date "2020.10.06"]
[Round "4"]
[White "FLamps8"]
[Black "W_Amadeus"]
[Result "0-1"]
[WhiteElo "2505"]
[BlackElo "2725"]
[TimeControl "180+1"]
[EndTime "10:37:47 PDT"]
[Termination "W_Amadeus won by resignation"]

1. d4 Nf6 2. Bf4 d5 3. Nc3 c5 4.
dxc5 Nc6 5. e3 e5 6. Bg5 d4 7. exd4 exd4 8. Ne4 Bxc5 9. Bxf6 gxf6 10. Nxc5 Qa5+ 11. Qd2 Qxc5 12. Nf3 Be6 13. a3 O-O-O 14. Bd3 Rhg8 15. Rg1 Qd5 16. Qf4 Rde8 17. Kf1 Ne5 18.
Re1 Nxf3 19. Be4 Qxe4 0-1

[Event "*** SCC Grand Prix: Titled Tuesday Blitz"]
[Site "Chess.com"]
[Date "2020.10.06"]
[Round "4"]
[White "davigator"]
[Black "DonBroca"]
[Result "1-0"]
[WhiteElo "2356"]
[BlackElo "2185"]
[TimeControl "180+1"]
[EndTime "10:37:47 PDT"]
[Termination "davigator won on time"]

1. e4 c5 2. Nf3 d6 3. d4 cxd4 4. Nxd4 Nf6 5. Nc3 g6 6. Be3 Bg7 7. f3 O-O 8. Qd2 Nc6 9. O-O-O Bd7 10. g4 Ne5 11. h4 h5 12. g5 Ne8 13. f4 Ng4 14. Bg1 Rc8 15. Nd5 Nc7 16. Ne3 Nxe3 17.
Bxe3 Ne6 18. f5 Nc5 19. Bd3 Qb6 20. Rhf1 Bxd4 21. Bxd4 Nb3+ 22. axb3 Qxd4 23. fxg6 fxg6 24.
Bc4+ Rxc4 25. Qxd4 Rxd4 26. Rxf8+ Kxf8 27. Rxd4 Kf7 28. Rc4 Bc6 29. Kd2 Ke6 30. Ke3 Ke5 31. Rd4 e6 32. c4 a6 33. b4 b5 34. c5 d5 35.
exd5 exd5 36. Rf4 Bd7 37. Rf6 d4+ 38. Kd2 Bf5 39. Rxa6 Kd5 40. b3 d3 41. Rd6+ Ke5 42.
Rxd3 Bxd3 43. Kxd3 Kd5 44. Ke3 Ke5 45. Kf3 Kd5 46.
Kf4 Ke6 47. Ke4 1-0

[Event "*** SCC Grand Prix: Titled Tuesday Blitz"]
[Site "Chess.com"]
[Date "2020.10.06"]
[Round "4"]
[White "novocane"]
[Black "chessmadara"]
[Result "1-0"]
[WhiteElo "2277"]
[BlackElo "2090"]
[TimeControl "180+1"]
[EndTime "10:37:48 PDT"]
[Termination "novocane won by resignation"]

1. d4 Nf6 2. c4 g6 3. Nc3 d5 4. cxd5 Nxd5 5. e4 Nxc3 6. bxc3 Bg7 7. Qa4+ Bd7 8. Qa3 O-O 9. Nf3 Bg4 10. Be2 Bxf3 11. Bxf3 e5 12. d5 c6 13. c4 cxd5 14. cxd5 Nd7 15. O-O b6 16. Be3 f5 17. Rfc1 f4 18. Bd2 g5 19. Bb4 Rf6 20. Bg4 Nf8 21. Be7 Qe8 22. Bxf6 Bxf6 23. Rc6 Be7 24. Qc3 Ng6 25. Bh5 Bc5 26. Rc1 Bd4 27. Qc4 Kh8 28.
Bxg6 hxg6 29. Rc8 Rxc8 30. Qxc8 Qxc8 31. Rxc8+ Kg7 32. Rc7+ Kf6 33. Rxa7 g4 34. Kf1 g5 35. a4 Bc5 36. Rc7 Bd4 37. Rc6+ Kf7 38. Ke2 Bb2 39.
Rxb6 Bd4 40. Rb7+ 1-0

[Event "*** SCC Grand Prix: Titled Tuesday Blitz"]
[Site "Chess.com"]
[Date "2020.10.06"]
[Round "4"]
[White "stefy02"]
[Black "MoreChessJulia"]
[Result "1-0"]
[WhiteElo "2238"]
[BlackElo "1934"]
[TimeControl "180+1"]
[EndTime "10:37:48 PDT"]
[Termination "stefy02 won by checkmate"]

1. e4 c5 2. Nf3 d6 3. d4 cxd4 4. Qxd4 Nf6 5. Bb5+ Nc6 6. c4 Bd7 7. Qd3 a6 8. Bxc6 Bxc6 9. Nc3 e6 10. O-O Be7 11. h3 O-O 12. Be3 Qc7 13. Nd4 Bd7 14. Rac1 Rac8 15. Nce2 Rfd8 16. b4 Bc6 17. Ng3 Qb8 18. f4 d5 19. cxd5 exd5 20. e5 Nd7 21. Ngf5 Bxb4 22. e6 fxe6 23. Nxe6 Re8 24. Nfxg7 Re7 25.
Bd4 Bb5 26. Qg3 Bxf1 27. Rxf1 Kf7 28. Ng5+ Kf8 29. Nxh7+ Kf7 30. Qg5 Bc5 31. Qxd5+ Kg6 32. Qf5+ Kh6 33. Qh5# 1-0

[Event "*** SCC Grand Prix: Titled Tuesday Blitz"]
[Site "Chess.com"]
[Date "2020.10.06"]
[Round "4"]
[White "TigrVShlyape"]
[Black "MPGM"]
[Result "1-0"]
[WhiteElo "2811"]
[BlackElo "2456"]
[TimeControl "180+1"]
[EndTime "10:37:49 PDT"]
[Termination "TigrVShlyape won by resignation"]

1. d4 d5 2. Nf3 e6 3. Bf4 Nf6 4. e3 Bd6 5. Ne5 c5 6. c3 Qc7 7. Nd2 Nbd7 8. Ndf3 O-O 9. Bd3 b6 10. g4 Bb7 11. g5 Ne4 12. Rg1 Rfe8 13. h4 a5 14. Qe2 a4 15. a3 Nxe5 16. Bxe5 Kh8 17. Bxd6 Qxd6 18. Ne5 Qe7 19. Qh5 g6 20. Qg4 h5 21.
Qf4 Nd6 22. Bxg6 Kg7 23. Bxh5 Rh8 24. Bf3 b5 25. h5 Nc4 26. h6+ Kg8 27. g6 f6 28. Nxc4 bxc4 29. h7+ Kg7 30. Rh1 Kf8 31. dxc5 Rc8 32. O-O-O Rxc5 33. e4 e5 34. Qh6+ Qg7 35.
exd5 Qxh6+ 36. Rxh6 Kg7 37. Rh4 f5 38. Rh5 e4 39. Rxf5 exf3 40. Rf7+ Kxg6 41. Rxb7 Rxh7 42. Rg1+ 1-0

[Event "*** SCC Grand Prix: Titled Tuesday Blitz"]
[Site "Chess.com"]
[Date "2020.10.06"]
[Round "4"]
[White "Matols"]
[Black "sorito"]
[Result "0-1"]
[WhiteElo "2277"]
[BlackElo "2462"]
[TimeControl "180+1"]
[EndTime "10:37:49 PDT"]
[Termination "sorito won on time"]

1. d4 c6 2. c4 d6 3. e4 Nd7 4.
f4 e5 5. fxe5 dxe5 6. Nf3 exd4 7. Qxd4 Ngf6 8. e5 Bc5 9. Qh4 Qe7 10. Bf4 Ne4 11. Qxe7+ Kxe7 12. Nbd2 Nxd2 13. Nxd2 f6 14. exf6+ Nxf6 15. O-O-O Bg4 16. Re1+ Kf7 17. h3 Bf5 18. g4 Bg6 19. Bg2 Rhe8 20. Rhf1 Kg8 21. Nf3 Bd3 22. Rh1 Bxc4 23. Ne5 Bxa2 24. h4 Nd5 0-1

[Event "*** SCC Grand Prix: Titled Tuesday Blitz"]
[Site "Chess.com"]
[Date "2020.10.06"]
[Round "4"]
[White "BeanScreen"]
[Black "Alindsay211"]
[Result "1-0"]
[WhiteElo "2667"]
[BlackElo "2394"]
[TimeControl "180+1"]
[EndTime "10:37:50 PDT"]
[Termination "BeanScreen won by resignation"]

1. e4 c5 2. Nf3 Nc6 3. Nc3 e6 4.
d4 cxd4 5. Nxd4 Nf6 6. Ndb5 d6 7. Bf4 e5 8. Bg5 Be6 9. Nd5 Bxd5 10. exd5 Nb8 11. c4 a6 12. Bxf6 gxf6 13. Nc3 Nd7 14. Bd3 Nc5 15. O-O Nxd3 16. Qxd3 Qd7 17. Ne4 Be7 18.
Ng3 h5 19. b4 h4 20. Nf5 h3 21. g3 Rg8 22. c5 Rg5 23. Nxe7 Kxe7 24. f4 exf4 25. Rxf4 dxc5 26. Re1+ Kf8 27. Rh4 Re8 28. Rf1 Rxd5 29. Qh7 Rd1 30. Qh6+ Ke7 31. Qxf6+ 1-0

[Event "*** SCC Grand Prix: Titled Tuesday Blitz"]
[Site "Chess.com"]
[Date "2020.10.06"]
[Round "4"]
[White "emiliocordova"]
[Black "Zhigalko_Sergei"]
[Result "1/2-1/2"]
[WhiteElo "2787"]
[BlackElo "2921"]
[TimeControl "180+1"]
[EndTime "10:37:51 PDT"]
[Termination "Game drawn by agreement"]

1. d4 Nf6 2. Nf3 e6 3. g3 b5 4.
Bg5 Bb7 5. Nbd2 Be7 6. e3 b4 7.
Bg2 O-O 8. O-O a5 9. c4 d6 10. a3 Nbd7 11. axb4 axb4 12. Qc2 c5 13. e4 cxd4 14. Nxd4 Qb6 15. Nb5 Rxa1 16. Rxa1 Ng4 17. c5 Qxb5 18. Bxe7 Rc8 19. Qc4 Qxc5 20. Qxc5 dxc5 21. Ra7 Bc6 22. Nc4 Nge5 23. Nxe5 Nxe5 24.
Bxc5 Nd3 25. Bd6 Nxb2 26. Bxb4 Nc4 1/2-1/2

[Event "*** SCC Grand Prix: Titled Tuesday Blitz"]
[Site "Chess.com"]
[Date "2020.10.06"]
[Round "4"]
[White "Alexander_Kachko"]
[Black "GigaQuparadze"]
[Result "0-1"]
[WhiteElo "2732"]
[BlackElo "3013"]
[TimeControl "180+1"]
[EndTime "10:37:52 PDT"]
[Termination "GigaQuparadze won on time"]

1. d4 Nf6 2. Nf3 e6 3. Bf4 b6 4. e3 Bb7 5. h3 g6 6. Nbd2 Bg7 7. a4 a5 8. Be2 O-O 9. O-O d6 10. Bh2 Nbd7 11. Nc4 Ne4 12. Nfd2 Nxd2 13. Nxd2 e5 14. c3 Re8 15. Bf3 Qc8 16. Re1 h5 17. Bxb7 Qxb7 18. Qf3 e4 19. Qe2 Rad8 20. b4 axb4 21. cxb4 c5 22.
bxc5 dxc5 23. Nb3 cxd4 24. Nxd4 Nc5 25. Reb1 Nd3 26. a5 Rxd4 27. exd4 Bxd4 28. Ra4 Bxf2+ 29. Kh1 Qc6 30. Ra2 bxa5 31. Rxa5 Rc8 32. Qf1 Qc2 33. Ra6 e3 34. Rf6 e2 35. Rxf2 Nxf2+ 0-1

[Event "*** SCC Grand Prix: Titled Tuesday Blitz"]
[Site "Chess.com"]
[Date "2020.10.06"]
[Round "4"]
[White "Irishchessman16"]
[Black "Sanyura"]
[Result "0-1"]
[WhiteElo "2333"]
[BlackElo "2541"]
[TimeControl "180+1"]
[EndTime "10:37:52 PDT"]
[Termination "Sanyura won by resignation"]

1. e4 c6 2. d4 d5 3. e5 Bf5 4.
c4 e6 5. h4 h5 6. Nc3 Ne7 7.
Nge2 dxc4 8. Ng3 Bg4 9. f3 Bf5 10. Bxc4 Nd7 11. O-O Qb6 12. Na4 Qc7 13. Bb3 O-O-O 14.
Bf4 Nb6 15. Nc5 Ng6 16. Bg5 Bxc5 17. Bxd8 Rxd8 18. Nxf5 exf5 19. dxc5 Rxd1 20. Raxd1 Nd7 21. Bxf7 Ndxe5 22. Be6+ Kb8 23. Rfe1 a5 24. Bxf5 Nxf3+ 25. gxf3 Qg3+ 26. Kh1 Nxh4 27. Re8+ Ka7 28. Rd2 Qxf3+ 29. Kg1 Qxf5 30. Rdd8 Qxc5+ 31. Kh1 Nf3 0-1

[Event "*** SCC Grand Prix: Titled Tuesday Blitz"]
[Site "Chess.com"]
[Date "2020.10.06"]
[Round "4"]
[White "Borsuk_Konstantin"]
[Black "LiamVrolijk"]
[Result "0-1"]
[WhiteElo "2550"]
[BlackElo "2821"]
[TimeControl "180+1"]
[EndTime "10:37:55 PDT"]
[Termination "LiamVrolijk won by resignation"]

1. d4 Nf6 2. c4 e6 3. Nc3 Bb4 4. Qc2 O-O 5. a3 Bxc3+ 6. Qxc3 d6 7. f3 b6 8. e4 c5 9. d5 b5 10. dxe6 Bxe6 11. cxb5 a6 12. bxa6 Qb6 13. Bg5 Nfd7 14.
Rd1 Nxa6 15. Ne2 Nc7 16. Ng3 Rfb8 17. Rd2 d5 18. Bf4 d4 19. Qc1 Rc8 20. Bc4 Bxc4 21. Qxc4 Ne6 22. Ne2 Nxf4 23. Nxf4 Ne5 24. Qd5 Re8 25. O-O Rad8 26. Qa2 c4 27. Kh1 Qh6 28. g3 d3 29. Qa1 g5 30. Nd5 g4 31. fxg4 Qxd2 0-1

[Event "*** SCC Grand Prix: Titled Tuesday Blitz"]
[Site "Chess.com"]
[Date "2020.10.06"]
[Round "4"]
[White "Alexandercs432"]
[Black "IMAghasiyevKamal"]
[Result "0-1"]
[WhiteElo "2151"]
[BlackElo "2500"]
[TimeControl "180+1"]
[EndTime "10:37:55 PDT"]
[Termination "IMAghasiyevKamal won by checkmate"]

1. e4 e5 2. Nf3 Nc6 3. Bb5 a6 4.
Ba4 Nf6 5. O-O Be7 6. Re1 b5 7.
Bb3 d6 8. c3 O-O 9. h3 Re8 10.
Ng5 Rf8 11. Nf3 Bb7 12. d4 h6 13. Nbd2 Re8 14. d5 Nb8 15. Bc2 c6 16. dxc6 Nxc6 17.
Nf1 Bf8 18. Ng3 g6 19. Be3 Qc7 20. Qd2 Kh7 21. a4 b4 22. c4 b3 23. Bxb3 Na5 24.
Ba2 Nxe4 25. Nxe4 Bxe4 26. Qe2 Bb7 27. b3 Nc6 28. Rad1 a5 29. Nh2 f5 30. Bb1 Bg7 31. Nf3 Bf6 32. Nh2 Nb4 33. Bc1 Qc6 34.
Qd2 Qxg2# 0-1

[Event "*** SCC Grand Prix: Titled Tuesday Blitz"]
[Site "Chess.com"]
[Date "2020.10.06"]
[Round "4"]
[White "nitpicker"]
[Black "RamyresCoelho"]
[Result "1-0"]
[WhiteElo "2248"]
[BlackElo "2016"]
[TimeControl "180+1"]
[EndTime "10:37:55 PDT"]
[Termination "nitpicker won on time"]

1. d4 Nf6 2. c4 g6 3. Nc3 d5 4. Nf3 Bg7 5. Qb3 dxc4 6. Qxc4 O-O 7. e4 a6 8. Qb3 b5 9. e5 Ne8 10. h4 e6 11. Be3 Bb7 12. Ng5 h6 13. Nge4 Nd7 14.
f4 Rc8 15. h5 Qe7 16. O-O-O c5 17. d5 c4 18. d6 Qd8 19. Qc2 b4 20. hxg6 fxg6 21. Be2 bxc3 22. Nxc3 Rf5 23. Rh3 Bxg2 24. Rg3 Bd5 25. Rxg6 Kh7 26. Rdg1 Bb7 27. Bg4 Nc5 28.
Bxf5 exf5 29. Qxf5 Qd7 30. Rxg7+ 1-0

[Event "*** SCC Grand Prix: Titled Tuesday Blitz"]
[Site "Chess.com"]
[Date "2020.10.06"]
[Round "4"]
[White "LiemLe"]
[Black "platy3"]
[Result "1-0"]
[WhiteElo "2987"]
[BlackElo "2805"]
[TimeControl "180+1"]
[EndTime "10:37:56 PDT"]
[Termination "LiemLe won by resignation"]

1. d4 Nf6 2. Nf3 d5 3. Bf4 c5 4. e3 Nc6 5. c3 Qb6 6. Qc2 Bf5 7.
dxc5 Bxc2 8. cxb6 axb6 9. Na3 Rxa3 10. bxa3 e6 11. Bb5 Bxa3 12. Nd4 Be4 13. f3 Bg6 14. Nxc6 bxc6 15. Bxc6+ Ke7 16. Kd2 Bb2 17. Rab1 Bxb1 18. Rxb1 Rc8 19. Bb7 Bxc3+ 20. Kd3 Rc5 21. Rxb6 e5 22. Bg5 Ba5 23. Rc6 Rxc6 24. Bxc6 Kd6 25. Ba4 Nd7 26. Bxd7 Kxd7 27. e4 Kc6 28. a4 f6 29. Be3 g6 30. g4 h5 31. gxh5 gxh5 32.
Bh6 Kd6 33. Bg7 Bd8 34. Bf8+ Kc6 35. Bb4 h4 36. h3 dxe4+ 37. Kxe4 Kb6 38. Kf5 Kc6 39.
Be1 1-0

[Event "*** SCC Grand Prix: Titled Tuesday Blitz"]
[Site "Chess.com"]
[Date "2020.10.06"]
[Round "4"]
[White "MITerryble"]
[Black "davidkalashian"]
[Result "1-0"]
[WhiteElo "2962"]
[BlackElo "2574"]
[TimeControl "180+1"]
[EndTime "10:37:57 PDT"]
[Termination "MITerryble won by checkmate"]

1. e4 c5 2. Nf3 a6 3. c3 Nf6 4. e5 Nd5 5. d4 cxd4 6. Qxd4 e6 7.
Bc4 Nc6 8. Qe4 f5 9. Qe2 Nde7 10.
a4 Ng6 11. O-O Qc7 12. Re1 Ncxe5 13. Nxe5 Nxe5 14. Qxe5 Qxc4 15. Qxf5 Be7 16. Qh5+ g6 17. Qh6 b6 18. Nd2 Qd5 19. Ne4 Bb7 20. Bf4 Rf8 21. f3 Qf5 22. Nd6+ Bxd6 23. Bxd6 Rf7 24. Rad1 g5 25.
Re5 Qc2 26. Rxe6+ dxe6 27. Qxe6+ Kd8 28. Bc7+ Kxc7 29. Qd6+ Kc8 30. Qd8# 1-0

[Event "*** SCC Grand Prix: Titled Tuesday Blitz"]
[Site "Chess.com"]
[Date "2020.10.06"]
[Round "4"]
[White "Nikolaj_6"]
[Black "GukeshDommaraju"]
[Result "0-1"]
[WhiteElo "2542"]
[BlackElo "2797"]
[TimeControl "180+1"]
[EndTime "10:37:57 PDT"]
[Termination "GukeshDommaraju won by resignation"]

1. e4 c5 2. Nf3 Nc6 3. d4 cxd4 4. Nxd4 Nf6 5. Nc3 e5 6. Ndb5 d6 7. Nd5 Nxd5 8. exd5 Nb8 9. a4 Be7 10. Be2 O-O 11. O-O Nd7 12. Kh1 a6 13. Na3 a5 14.
f4 exf4 15. Bxf4 Nc5 16. Nc4 f5 17. c3 b6 18. b4 Ne4 19. Ra3 Ba6 20. b5 Bb7 21.
Be3 Nc5 22. Bxc5 bxc5 23. Bf3 g5 24. g4 fxg4 25. Be4 Rxf1+ 26. Qxf1 Bf6 27. Qf5 Qe7 28. Nxd6 Qxd6 29. Qxh7+ Kf8 30. Qxb7 Re8 31. Qh7 Qf4 32. Ra1 Rxe4 33. b6 Qf3+ 34. Kg1 Re2 0-1

[Event "*** SCC Grand Prix: Titled Tuesday Blitz"]
[Site "Chess.com"]
[Date "2020.10.06"]
[Round "4"]
[White "Lion-Al-Messi"]
[Black "RusPakhom"]
[Result "1-0"]
[WhiteElo "2537"]
[BlackElo "2301"]
[TimeControl "180+1"]
[EndTime "10:38:00 PDT"]
[Termination "Lion-Al-Messi won on time"]

1. e4 c5 2. Nf3 Nc6 3. d4 cxd4 4. Nxd4 g6 5. c4 Bg7 6. Be3 Nf6 7. Nc3 Ng4 8. Qxg4 Nxd4 9. Qd1 Ne6 10. Qd2 O-O 11. Be2 b6 12. O-O Bb7 13. Nd5 Rc8 14. Rac1 Nc5 15. f3 d6 16. Rfd1 Nd7 17. Bg5 Re8 18. b3 Ne5 19. Kh1 Qd7 20. h3 Nc6 21. f4 Nd4 22.
Bg4 f5 23. exf5 Nxf5 24. Re1 e6 25. Nf6+ Bxf6 26. Bxf6 Ng3+ 27. Kh2 Ne4 28. Qb2 Nxf6 29. Qxf6 Qf7 30. Bxe6 Rxe6 31. Rxe6 Qxf6 32. Rxf6 d5 33. Rd6 Rc5 34. Rd8+ 1-0

[Event "*** SCC Grand Prix: Titled Tuesday Blitz"]
[Site "Chess.com"]
[Date "2020.10.06"]
[Round "4"]
[White "nurgyulsalimova"]
[Black "CM_rui"]
[Result "1-0"]
[WhiteElo "2612"]
[BlackElo "2380"]
[TimeControl "180+1"]
[EndTime "10:38:01 PDT"]
[Termination "nurgyulsalimova won on time"]

1. e4 e5 2. Nf3 Nc6 3. d4 exd4 4. Nxd4 Bc5 5. Be3 Qf6 6. c3 Nge7 7. g3 O-O 8. Bg2 Ne5 9. O-O N7c6 10. Nxc6 Qxc6 11.
Bxc5 Qxc5 12. Nd2 d6 13. Nb3 Qb6 14. Qd4 Be6 15. Kh1 Bxb3 16. axb3 Qxb3 17. f4 Nc6 18. Qd2 a5 19. e5 dxe5 20. Bd5 Qb6 21. f5 Rad8 22. f6 Qc5 23. Qg5 Qxd5+ 24. Kg1 Qc5+ 25. Rf2 1-0

[Event "*** SCC Grand Prix: Titled Tuesday Blitz"]
[Site "Chess.com"]
[Date "2020.10.06"]
[Round "4"]
[White "SergeyShtyka"]
[Black "IMJonathanCarlstedt"]
[Result "0-1"]
[WhiteElo "2324"]
[BlackElo "2525"]
[TimeControl "180+1"]
[EndTime "10:38:01 PDT"]
[Termination "IMJonathanCarlstedt won by checkmate"]

1. e4 g6 2. d4 Bg7 3. Nc3 d6 4. Nge2 a6 5. a4 Nc6 6. g3 Bg4 7. Be3 e5 8. dxe5 Nxe5 9. Bg2 Bf3 10. O-O h5 11. Bxf3 Nxf3+ 12. Kg2 Ne5 13. h3 Nf6 14. b3 O-O 15. f4 Nc6 16. Nd4 Re8 17.
Nxc6 bxc6 18. Qd3 Qe7 19. Kf3 Qe6 20. Rh1 Re7 21. Rae1 Rae8 22. Bd4 c5 23. Bxf6 Bxf6 24. Nd5 Rd7 25. Qxa6 Bd4 26. Qd3 f5 27. c3 c6 28. Nb6 Rde7 29. exf5 Qe3+ 30. Rxe3 Rxe3+ 31. Qxe3 Rxe3+ 32. Kg2 Rxc3 33. fxg6 Rxb3 34. a5 d5 35. Rc1 Rb2+ 36. Kf3 Rf2# 0-1

[Event "*** SCC Grand Prix: Titled Tuesday Blitz"]
[Site "Chess.com"]
[Date "2020.10.06"]
[Round "4"]
[White "Kassimov_B"]
[Black "Reader777"]
[Result "0-1"]
[WhiteElo "2419"]
[BlackElo "2654"]
[TimeControl "180+1"]
[EndTime "10:38:02 PDT"]
[Termination "Reader777 won on time"]

1. Nc3 d5 2. e4 d4 3. Nce2 c5 4. Ng3 Nc6 5. Nf3 e6 6. Bb5 Bd7 7. O-O Bd6 8. d3 Nge7 9. a4 O-O 10. Ng5 h6 11. Nh3 e5 12. Qh5 Qc8 13. f3 Bxh3 14.
gxh3 f5 15. Bc4+ Kh7 16. f4 exf4 17. Bxf4 Bxf4 18. Rxf4 g5 19. Rxf5 Nxf5 20. Nxf5 Rf6 21. Kh1 Qe8 22. Qd1 Qe5 23. Qg4 Raf8 24. Rf1 Ne7 25.
h4 Nxf5 26. exf5 Rxf5 27. Rg1 Rf4 28. Qd7+ Kh8 29. hxg5 Rh4 30. h3 Qe3 0-1

[Event "*** SCC Grand Prix: Titled Tuesday Blitz"]
[Site "Chess.com"]
[Date "2020.10.06"]
[Round "4"]
[White "gagtemp"]
[Black "FramboiseDePrintemps"]
[Result "0-1"]
[WhiteElo "1953"]
[BlackElo "2660"]
[TimeControl "180+1"]
[EndTime "10:38:02 PDT"]
[Termination "FramboiseDePrintemps won on time"]

1. e4 e5 2. Nf3 Nc6 3. Bc4 Bc5 4. O-O Nf6 5. d3 O-O 6. a4 a6 7. Re1 h6 8. c3 d6 9. Nbd2 Ba7 10. Nf1 Ne7 11.
Ng3 c6 12. d4 Ng6 13. dxe5 dxe5 14. Qe2 Ng4 15. Be3 Nxe3 16. fxe3 b5 17. axb5 axb5 18.
Bb3 Qf6 19. Nh5 Qe7 20. Ng3 Bg4 21. Kh1 Nh4 22. Ra6 Qf6 23. Rf1 Bc5 24. Rxa8 Rxa8 25. Bc2 Nxf3 26. gxf3 Be6 27. f4 exf4 28. exf4 Bh3 29.
e5 Bxf1 30. Qxf1 Qh4 31. Qd3 Ra1+ 32. Kg2 Rg1+ 33. Kf3 Qxh2 34. Qh7+ Kf8 35. Qh8+ Ke7 36. Nf5+ Kd7 0-1

[Event "*** SCC Grand Prix: Titled Tuesday Blitz"]
[Site "Chess.com"]
[Date "2020.10.06"]
[Round "4"]
[White "salomez"]
[Black "Nara_Kh"]
[Result "0-1"]
[WhiteElo "2195"]
[BlackElo "2383"]
[TimeControl "180+1"]
[EndTime "10:38:02 PDT"]
[Termination "Nara_Kh won on time"]

1. d4 d5 2. Bf4 Nf6 3. Nf3 c5 4.
e3 Nc6 5. Bd3 Bg4 6. c3 Qb6 7.
Qd2 Bxf3 8. gxf3 e6 9. O-O g5 10. Bg3 h5 11. e4 h4 12. Be5 Nxe5 13. dxe5 Nh5 14. exd5 exd5 15. Bf5 Nf4 16. Na3 Be7 17. Rfe1 Kf8 18. Rab1 Rd8 19. b4 d4 20. bxc5 Qxc5 21. Nb5 dxc3 22. Qxc3 a6 23. Qxc5 Bxc5 24. Nc7 Rd2 0-1

[Event "*** SCC Grand Prix: Titled Tuesday Blitz"]
[Site "Chess.com"]
[Date "2020.10.06"]
[Round "4"]
[White "Korchmar_Vasiliy"]
[Black "Vamostodorecto"]
[Result "1-0"]
[WhiteElo "2572"]
[BlackElo "2359"]
[TimeControl "180+1"]
[EndTime "10:38:03 PDT"]
[Termination "Korchmar_Vasiliy won by checkmate"]

1. e4 e5 2. Nf3 Nc6 3. Nc3 Nf6 4.
Bb5 Nd4 5. Bc4 d5 6. Nxd5 Bg4 7. c3 Nxf3+ 8. gxf3 Bh3 9. Qb3 c6 10. Nxf6+ Qxf6 11. Qxb7 Rd8 12. Rg1 Bc5 13. d4 Bc8 14.
Qxf7+ Qxf7 15. Bxf7+ Kxf7 16. dxc5 Ba6 17. Bd2 Rd3 18.
O-O-O g6 19. Be3 Rhd8 20. Rxd3 Rxd3 21. Rd1 Rxd1+ 22. Kxd1 Bc4 23. b3 Ba6 24. Kd2 Ke6 25.
f4 Bf1 26. fxe5 Kxe5 27. f3 h5 28. h4 Bg2 29. Ke2 Bh3 30. Kf2 a5 31. Kg3 Be6 32.
Bd4# 1-0

[Event "*** SCC Grand Prix: Titled Tuesday Blitz"]
[Site "Chess.com"]
[Date "2020.10.06"]
[Round "4"]
[White "OhanyanEminChess"]
[Black "Indianlad"]
[Result "0-1"]
[WhiteElo "2572"]
[BlackElo "2933"]
[TimeControl "180+1"]
[EndTime "10:38:05 PDT"]
[Termination "Indianlad won by resignation"]

1. e4 c6 2. d4 d5 3. Nc3 dxe4 4. Nxe4 Bf5 5. Ng3 Bg6 6. h4 h6 7. Nf3 Nf6 8. Ne5 Bh7 9. Bd3 Bxd3 10. Qxd3 e6 11. Bd2 Nbd7 12. Nxd7 Qxd7 13. Ne4 O-O-O 14. Nxf6 gxf6 15. Be3 Qd5 16. Rg1 f5 17. a3 Bg7 18.
O-O-O Rd7 19. c4 Qd6 20. g3 Rhd8 21. Qc2 Qc7 22. Rd2 Bxd4 23. Bxh6 c5 24. Rgd1 Qc6 25.
Kb1 a6 26. Rd3 e5 27. Be3 Qe4 28. R3d2 Qf3 29. Qd3 Bxe3 30. Qxd7+ Rxd7 31. Rxd7 Bd4 32. Rxf7 Qxd1+ 0-1

[Event "*** SCC Grand Prix: Titled Tuesday Blitz"]
[Site "Chess.com"]
[Date "2020.10.06"]
[Round "4"]
[White "A-Fier"]
[Black "Unkreativ3"]
[Result "0-1"]
[WhiteElo "2762"]
[BlackElo "2557"]
[TimeControl "180+1"]
[EndTime "10:38:06 PDT"]
[Termination "Unkreativ3 won by resignation"]

1. d4 d5 2. c4 Nc6 3. Nc3 e5 4. cxd5 Nxd4 5. e3 Nf5 6. Nf3 Bd6 7. e4 Nfe7 8. h4 Nf6 9. Bg5 Bg4 10. Bxf6 gxf6 11.
Bb5+ c6 12. dxc6 bxc6 13. Be2 h5 14. g3 Qd7 15. Qc2 Rd8 16. O-O-O Qe6 17. Kb1 O-O 18.
Nd2 Bxe2 19. Nxe2 Rb8 20. Nc4 Bc5 21. f3 Rb4 22. Na5 Rfb8 23. Nb3 Bb6 24. g4 a5 25. gxh5 a4 26. Nbc1 Bd4 27. Nxd4 Rxb2+ 28. Qxb2 Rxb2+ 29. Kxb2 exd4 30. Rhg1+ Kh7 31. Nd3 c5 32. Kc2 Qxa2+ 33. Kc1 c4 34. Nb2 a3 35. Na4 d3 0-1

[Event "*** SCC Grand Prix: Titled Tuesday Blitz"]
[Site "Chess.com"]
[Date "2020.10.06"]
[Round "4"]
[White "GmSergioBarrientos"]
[Black "RestartingChess"]
[Result "1-0"]
[WhiteElo "2694"]
[BlackElo "2485"]
[TimeControl "180+1"]
[EndTime "10:38:06 PDT"]
[Termination "GmSergioBarrientos won by resignation"]

1. d4 b6 2. e4 Bb7 3. Bd3 e6 4. Nf3 c5 5. c3 cxd4 6. cxd4 d5 7. Nc3 dxe4 8. Nxe4 Nf6 9. Nc3 Bd6 10. O-O O-O 11.
Bg5 Nbd7 12. Bc2 h6 13. Bh4 Qb8 14. Qd3 Bxf3 15. Qxf3 Bxh2+ 16. Kh1 Bd6 17. Rad1 Qc8 18. Ba4 Rb8 19. Nb5 Be7 20. Bg3 Qa6 21. Bxb8 Qxa4 22. Bd6 Bxd6 23. Nxd6 Qxa2 24. b3 a5 25. Nc4 Qc2 26.
Rd2 Qg6 27. Ne3 Rc8 28. d5 exd5 29.
Nxd5 Nxd5 30. Rxd5 Nf6 31. Rd6 b5 32. Ra6 b4 33.
Rxa5 Rc3 34. Qf5 Qxf5 35. Rxf5 Rxb3 36. Rb5 Ne4 37. Kg1 Nc3 38. Rb7 Ne2+ 39. Kh2 Rb2 40. Rd1 Nc3 41. Rd8+ Kh7 42. Rxf7 b3 43. Rdd7 Rb1 44.
Rxg7+ Kh8 45. Rge7 1-0

[Event "*** SCC Grand Prix: Titled Tuesday Blitz"]
[Site "Chess.com"]
[Date "2020.10.06"]
[Round "4"]
[White "Margency"]
[Black "Smile2005"]
[Result "1-0"]
[WhiteElo "2647"]
[BlackElo "2415"]
[TimeControl "180+1"]
[EndTime "10:38:06 PDT"]
[Termination "Margency won by resignation"]

1. e4 d5 2. exd5 Nf6 3. Bb5+ Bd7 4. Be2 Nxd5 5. d4 Bf5 6. Nf3 e6 7. O-O Be7 8. a3 O-O 9. c4 Nb6 10. h3 Nc6 11. Nc3 Bf6 12. Be3 Qd7 13. b4 a6 14.
Qb3 Rad8 15. Rad1 Rfe8 16. d5 exd5 17. Bxb6 Bxc3 18. Rxd5 Qc8 19. Qxc3 Rxe2 20. Be3 Be6 21. Rdd1 Bf5 22. b5 Rc2 23. Qa1 Na5 24. Rxd8+ Qxd8 25. Nd4 Bg6 26. Nxc2 Bxc2 27. Qc3 1-0